 Dungeon Crawl Stone Soup version 0.26-a0-649-gf8c6c3aab7 (webtiles) character file.

Game seed: 12362195412410481848

20 Gravence the Caller (level 2, -3/19 HPs)
             Began as a Merfolk Summoner on Sept 26, 2020.
             Slain by an ufetubus (5 damage)
             ... on level 2 of the Dungeon.
             The game lasted 00:17:47 (3426 turns).

Gravence the Caller (Merfolk Summoner)              Turns: 3426, Time: 00:17:50

Health: -3/19      AC:  2    Str:  8    XL:     2   Next: 79%
Magic:  1/5        EV: 13    Int: 14    God:
Gold:   156        SH:  0    Dex: 14    Spells: 4/5 levels left

rFire    . . .     SeeInvis .   e - +0 whip
rCold    . . .     Faith    .   (no shield)
rNeg     . . .     Spirit   .   a - +0 robe
rPois    .         Reflect  .   (no helmet)
rElec    .         Harm     .   (no cloak)
rCorr    .         Rampage  .   (no gloves)
MR       .....                  (no boots)
Stlth    ++........             (no amulet)
HPRegen  0.06/turn              (no ring)
MPRegen  0.09/turn              (no ring)

@: no status effects
A: change form in water, swift swim, stealthy swim
a: no special abilities


You were on level 2 of the Dungeon.
You visited 1 branch of the dungeon, and saw 2 of its levels.

You collected 156 gold pieces.

Inventory:

Hand Weapons
 c - a +0 dagger
 d - a +0 dagger
 e - a +0 whip (weapon)
 h - a +0 short sword
Missiles
 g - 87 stones (quivered)
Armour
 a - a +0 robe (worn)
Scrolls
 b - a scroll of identify {unknown}
Potions
 f - 2 potions of resistance {unknown}


   Skills:
 + Level 0.1 Short Blades
 + Level 2.7 Dodging
 + Level 2.3 Stealth
 + Level 2.4 Spellcasting
 + Level 4.3 Summonings


You had 4 spell levels left.
You knew the following spells:

 Your Spells              Type           Power        Failure   Level
a - Summon Small Mammal   Summ           ##..         3%          1

Your spell library contained the following spells:

 Spells                   Type           Power        Failure   Level
 Call Imp                 Summ           ##......     6%          2
 Call Canine Familiar     Summ           ##......     12%         3
 Summon Guardian Golem    Hex/Summ       #.......     28%         3
 Summon Ice Beast         Ice/Summ       #.......     67%         4
 Summon Lightning Spire   Summ/Air       #.......     67%         4


Dungeon Overview and Level Annotations

Branches:
Dungeon (2/15)

Altars:


Message History

The ufetubus closely misses you. x2
You hit the ufetubus but do no damage.
The ufetubus is lightly wounded.
The ufetubus closely misses you. x3; The ufetubus hits you.
You swap places.
The ufetubus barely misses your rat.
The ufetubus completely misses your rat.
Your rat closely misses the ufetubus.
You swap places.
The ufetubus barely misses your rat. x2
Your rat bites the ufetubus.
The ufetubus barely misses your rat. The ufetubus misses your rat.
You swap places.
The ufetubus hits your rat.
Your rat dies!
Your rat's corpse disappears in a puff of smoke!
You swap places.
The ufetubus hits you.
* * * LOW HITPOINT WARNING * * *
The ufetubus hits you.
* * * LOW HITPOINT WARNING * * *
The ufetubus hits you but does no damage.
The ufetubus hits you.
You die...

#.# #g#
#h# #r#
#.# #.#
#####.#
#rb...#
#@#####
#5# #g#
#.# #.#
... ...
≈≈.


You could see an ufetubus, a hobgoblin, a friendly bat (summoned) and a friendly
rat (summoned).

Vanquished Creatures
  2 goblins (D:1)
  A hobgoblin (D:1)
  4 bats (D:1)
  5 rats (D:1)
12 creatures vanquished.

Vanquished Creatures (collateral kills)
  3 giant cockroaches
  2 hobgoblins (D:1)
  3 jackals
  A kobold (D:1)
  A bat (D:1)
  A frilled lizard (D:1)
  2 rats (D:1)
13 creatures vanquished.

Vanquished Creatures (others)
  5 toadstools (D:1)
5 creatures vanquished.

Grand Total: 30 creatures vanquished

Notes
Turn   | Place    | Note
-------+----------+-------------------------------------------
     0 | D:1      | Gravence the Merfolk Summoner began the quest for the Orb.
     0 | D:1      | Reached XP level 1. HP: 13/13 MP: 3/3
  1046 | D:1      | Reached XP level 2. HP: 17/19 MP: 5/5
  3426 | D:2      | Slain by an ufetubus

Illustrated notes

Levels and vault maps discovered:
D:1:      eino_arrival_water_star, layout_basic, nrook_loot_triangle,
          minmay_gold_behind_fungi, chequers_jeans,
          chequers_serial_rivers_small_b
D:2:      cheibrodos_greedy_goblins, layout_loops_ring, elyvilon_altar_3,
          fedhas_altar_fruit_tree, lexackson_kobold_supper

Action                   || total
-------------------------++-------
Melee: Dagger            ||    27
       Unarmed           ||     4
       Whip              ||    20
Throw: Stone             ||     1
 Cast: Summon Small Mamm ||    60
 Stab: Distracted        ||     1
       Sleeping          ||     1
Armor: Robe              ||    22
Dodge: Dodged            ||    59

Table legend: (Time is in decaauts)
 A = Elapsed time spent in this place.
 B = Non-inter-level travel time spent in this place.
 C = Inter-level travel time spent in this place.
 D = Time resting spent in this place.
 E = Time spent auto-exploring this place.
 F = Levels seen in this place.
 G = Mean time per level.
                   A        B        C        D        E       F      G
               +--------+--------+--------+--------+--------+-----+--------+
         Total |   3413 |   3318 |     95 |   1992 |   1022 |   2 | 1706.5 |
       Dungeon |   3413 |   3318 |     95 |   1992 |   1022 |   2 | 1706.5 |
               +--------+--------+--------+--------+--------+-----+--------+

Top non-repeatable levels by time:
     D:1: 3167 daAuts
     D:2: 245 daAuts
